Map: Blackburn LE

Players

Neeb - Winner!

  • Race: Protoss Protoss

Astrea

  • Race: Protoss Protoss
  • League: Master

Event: DreamHack SC2 Masters 2021 Summer

VOD

Have the link to the VOD?

Description

Time

  • Played on: June 5, 2021, 4:39 p.m.
  • Length: 14:36

All games in this series

Show
View Real Time Build Order
Export as new Build Order

Neeb Protoss - Winner!

Build Orders: Oracle Opening, Blink Stalkers 

Get SALT Encoding   

  12  0:00  Probe  
  13  0:12  Probe  
  14  0:17  Pylon  
  14  0:24  Probe (Chrono Boost)  
  15  0:36  Probe (Chrono Boost)  
  15  0:38  Gateway  
  16  0:45  Probe (Chrono Boost)  
  16  0:47  Assimilator  
  17  0:51  Probe  
  17  0:56  Assimilator  
  18  1:03  Probe (Chrono Boost)  
  19  1:06  Pylon  
  19  1:12  Probe (Chrono Boost)  
  19  1:17  Probe (Chrono Boost)  
  21  1:26  Cybernetics Core  
  21  1:29  Probe  
  22  1:35  Zealot  
  24  1:41  Probe  
  25  1:53  Probe  
  26  2:04  Stargate  
  26  2:17  Nexus  
  26  2:30  Probe, Pylon  
  26  2:33  Warp Gate  
  26  2:42  Probe  
  27  2:44  Oracle (Chrono Boost)  
  27  2:50  Stalker  
  32  2:55  Probe  
  33  3:06  Shield Battery  
  33  3:07  Probe (Chrono Boost)  
  34  3:14  Twilight Council  
  34  3:19  Probe (Chrono Boost)  
  36  3:27  Probe (Chrono Boost)  
  36  3:30  Probe (Chrono Boost)  
  36  3:32  Gateway  
  37  3:35  Probe  
  38  3:41  Probe (Chrono Boost)  
  40  3:51  Blink  
  40  3:52  Probe (Chrono Boost)  
  40  3:53  Probe (Chrono Boost)  
  41  4:01  Probe (Chrono Boost), Forge  
  41  4:02  Probe (Chrono Boost)  
  43  4:09  Dark Shrine  
  43  4:10  Probe  
  43  4:12  Probe  
  45  4:19  Pylon  
  45  4:22  Probe  
  45  4:23  Assimilator  
  46  4:28  Probe  
  46  4:29  Sentry  
  46  4:30  Stalker  
  46  4:31  Pylon  
  51  4:34  Probe  
  52  4:46  Probe  
  52  4:47  Probe, Protoss Ground Weapons Level 1 (Chrono Boost)  
  52  4:51  Nexus  
  54  5:00  Probe  
  54  5:01  Probe  
  54  5:05  Gateway  
  56  5:10  Gateway  
  56  5:12  Probe  
  57  5:14  Probe  
  57  5:17  Stalker  
  57  5:19  Stalker  
  62  5:24  Probe  
  62  5:26  Probe  
  62  5:27  Pylon  
  64  5:36  Probe  
  64  5:38  Probe  
  66  5:44  Stalker x2  
  66  5:46  Charge  
  66  5:48  Probe  
  71  5:51  Probe  
  71  5:55  Shield Battery  
  70  6:01  Probe  
  70  6:02  Probe, Gateway  
  72  6:06  Gateway  
  72  6:07  Probe  
  73  6:13  Probe  
  73  6:14  Robotics Facility  
  75  6:18  Probe  
  75  6:19  Probe, Gateway  
  75  6:23  Gateway  
  75  6:24  Zealot x2, Sentry  
  82  6:32  Protoss Ground Weapons Level 2 (Chrono Boost)  
  82  6:36  Nexus  
  82  6:43  Probe x2  
  82  6:44  Assimilator  
  85  6:49  Stalker x2  
  88  6:54  Stalker x2  
  88  6:56  Probe  
  93  7:07  Pylon x2  
  93  7:08  Pylon  
  93  7:15  Pylon  
  93  7:17  Pylon  
  93  7:19  Pylon  
  93  7:20  Pylon  
  93  7:24  Observer (Chrono Boost)  
  93  7:25  Probe x2  
  93  7:26  Stalker x4  
  93  7:27  Stalker  
  106  7:30  Stalker  
  106  7:35  Photon Cannon  
  108  7:40  Warp Prism (Chrono Boost)  
  108  7:43  Stalker x2  
  114  7:46  Probe x3  
  117  7:55  Zealot x3  
  117  7:57  Zealot  
  125  8:06  Dark Templar x2  
  125  8:07  Pylon  
  125  8:09  Pylon  
  125  8:11  Zealot x2  
  132  8:13  Archon  
  132  8:17  Probe x2  
  132  8:19  Probe  
  134  8:31  Probe  
  134  8:32  Probe  
  134  8:33  Zealot x4, Dark Templar x2  
  148  8:38  Archon  
  148  8:40  Zealot x2, Protoss Ground Weapons Level 3 (Chrono Boost)  
  152  8:45  Probe  
  152  8:47  Probe  
  152  8:51  Gateway  
  152  8:53  Gateway  
  132  9:03  Zealot x6  
  130  9:12  Probe  
  130  9:13  Probe x2  
  130  9:14  Assimilator  
  133  9:21  Stalker x2  
  137  9:27  Stalker x2  
  137  9:29  Stalker x3  
  137  9:40  Probe  
  137  9:41  Probe x2  
  137  9:45  Dark Templar  
  136  9:47  Dark Templar x2  
  136  9:49  Zealot x2  
  136  9:51  Probe  
  139  9:53  Probe  
  139  9:58  Assimilator  
  140  10:00  Shield Battery  
  140  10:01  Photon Cannon, Zealot x5  
  147  10:09  Gateway  
  147  10:11  Gateway  
  147  10:13  Robotics Bay  
  145  10:16  Zealot x2  
  149  10:23  Zealot, Dark Templar  
  149  10:24  Zealot x6  
  149  10:27  Pylon  
  167  10:30  Archon, Robotics Bay  
  167  10:32  Archon  
  165  10:36  Nexus  
  165  10:39  Pylon  
  165  10:40  Sentry x2  
  169  10:45  Photon Cannon, Assimilator  
  169  10:51  Photon Cannon  
  169  10:55  Zealot x5  
  157  11:06  Zealot x7  
  150  11:15  Zealot x2  
  150  11:16  Zealot x3  
  150  11:18  Disruptor (Chrono Boost)  
  153  11:28  Stalker x6  
  163  11:36  Dark Templar x3  
  163  11:37  Zealot  
  159  11:49  Zealot x2  
  159  11:52  Probe x2  
  159  11:53  Probe, Photon Cannon  
  158  11:54  Observer (Chrono Boost)  
  158  11:56  Probe x2, Shadow Stride (Chrono Boost)  
  158  11:59  Protoss Shields Level 1  
  160  12:04  Probe  
  160  12:07  Disruptor (Chrono Boost)  
  161  12:11  Probe x4  
  168  12:16  Probe  
  168  12:19  Assimilator  
  169  12:23  Probe x2  
  169  12:24  Photon Cannon  
  171  12:33  Dark Templar x2  
  171  12:34  Zealot x3, Dark Templar x2  
  185  12:39  Archon x2  
  185  12:45  Disruptor (Chrono Boost)  
  188  12:54  Probe x2, Robotics Facility  
  190  13:01  Stalker x5  
  190  13:03  Photon Cannon  
  200  13:12  Photon Cannon  
  200  13:14  Shield Battery  
  200  13:16  Pylon  
  180  13:29  Dark Templar x3  
  180  13:30  Zealot x8  
  191  13:37  Probe  
  191  13:39  Probe x2  
  192  13:51  Pylon  
  192  13:53  Dark Templar x4  
  192  13:54  Dark Templar  
  178  14:10  Probe x2  
  178  14:11  Dark Templar x3  
  178  14:12  Zealot x4  
  195  14:19  Photon Cannon  
  195  14:22  Shield Battery  
  191  14:25  Photon Cannon  
Show
View Real Time Build Order
Export as new Build Order

Astrea Protoss 

Build Orders: Phoenix Opening, Blink Stalkers 

Get SALT Encoding   

  12  0:00  Probe  
  13  0:12  Probe  
  14  0:17  Pylon  
  14  0:24  Probe (Chrono Boost)  
  15  0:36  Probe (Chrono Boost)  
  15  0:39  Gateway  
  16  0:45  Probe (Chrono Boost)  
  16  0:46  Assimilator  
  17  0:51  Probe  
  17  0:55  Assimilator  
  18  1:03  Probe (Chrono Boost)  
  19  1:05  Pylon  
  20  1:12  Probe (Chrono Boost)  
  20  1:17  Probe (Chrono Boost)  
  21  1:26  Cybernetics Core  
  21  1:29  Probe  
  24  1:41  Probe  
  25  1:53  Probe  
  26  1:59  Warp Gate  
  24  2:03  Nexus  
  24  2:05  Probe  
  24  2:06  Sentry (Chrono Boost)  
  27  2:17  Probe  
  27  2:20  Pylon  
  28  2:24  Sentry  
  30  2:31  Probe  
  30  2:34  Gateway, Phoenix  
  30  2:36  Gateway  
  31  2:43  Probe  
  32  2:50  Twilight Council  
  32  2:57  Stalker  
  34  2:59  Probe  
  36  3:14  Probe (Chrono Boost)  
  36  3:15  Probe (Chrono Boost)  
  36  3:18  Shield Battery  
  37  3:23  Stalker  
  37  3:26  Probe (Chrono Boost)  
  41  3:27  Probe (Chrono Boost)  
  41  3:29  Shield Battery  
  41  3:36  Probe  
  41  3:40  Probe  
  41  3:41  Blink (Chrono Boost)  
  42  3:47  Stalker  
  44  3:50  Probe  
  44  3:52  Probe  
  46  4:01  Stalker  
  46  4:02  Probe  
  49  4:05  Forge  
  49  4:08  Probe, Phoenix  
  49  4:14  Probe  
  50  4:20  Pylon  
  50  4:22  Stalker  
  50  4:23  Probe  
  53  4:25  Pylon  
  53  4:28  Probe  
  54  4:31  Protoss Ground Weapons Level 1 (Chrono Boost)  
  54  4:40  Pylon  
  54  4:43  Probe  
  55  4:46  Nexus  
  55  4:49  Probe  
  56  4:53  Pylon  
  56  4:56  Probe  
  56  4:59  Robotics Facility  
  57  5:01  Probe  
  57  5:03  Assimilator  
  58  5:08  Probe  
  58  5:13  Probe, Stalker x2  
  64  5:19  Pylon  
  65  5:21  Probe  
  65  5:24  Gateway  
  65  5:26  Probe  
  66  5:34  Probe  
  67  5:39  Probe, Stalker  
  67  5:40  Stalker  
  72  5:44  Gateway  
  72  5:45  Charge  
  72  5:46  Probe  
  72  5:48  Observer (Chrono Boost)  
  72  5:49  Pylon  
  74  5:51  Probe  
  75  5:59  Probe  
  75  6:00  Probe, Phoenix  
  75  6:03  Observer (Chrono Boost), Probe  
  79  6:10  Stalker  
  79  6:11  Probe  
  82  6:13  Probe  
  82  6:16  Probe  
  82  6:18  Protoss Ground Weapons Level 2 (Chrono Boost)  
  84  6:20  Gateway  
  84  6:21  Gateway  
  84  6:23  Gateway  
  84  6:30  Gateway  
  84  6:33  Probe x2  
  84  6:36  Gateway  
  86  6:42  Pylon  
  86  6:45  Phoenix  
  86  6:52  Probe  
  87  6:55  Nexus  
  87  6:59  Immortal (Chrono Boost)  
  87  7:01  Zealot x3  
  87  7:04  Photon Cannon  
  96  7:09  Probe x3  
  99  7:17  Assimilator  
  99  7:21  Probe x2, Photon Cannon x2  
  101  7:23  Templar Archives  
  101  7:24  Zealot x3  
  107  7:33  Observer  
  107  7:34  Zealot x4  
  116  7:42  Pylon  
  116  7:44  Shield Battery  
  116  7:50  Pylon  
  116  7:54  Probe  
  116  7:57  Pylon  
  117  8:00  Probe x2, High Templar  
  117  8:01  High Templar, Zealot  
  125  8:08  Pylon  
  125  8:09  Pylon  
  125  8:16  High Templar x2, Zealot x3  
  125  8:17  Archon  
  137  8:22  Protoss Ground Weapons Level 3 (Chrono Boost)  
  137  8:23  Archon  
  137  8:25  Warp Prism  
  135  8:30  Gateway x2  
  135  8:31  Photon Cannon  
  135  8:37  Zealot x6  
  137  8:53  Zealot x2  
  125  8:58  Observer, Stalker x4  
  125  8:59  Stalker x2  
  125  9:02  Immortal (Chrono Boost)  
  107  9:15  Zealot x2  
  107  9:16  Shield Battery  
  110  9:21  Zealot x4  
  110  9:22  Zealot x2  
  122  9:26  Zealot x2  
  122  9:31  Probe x3  
  124  9:38  Zealot x2  
  122  9:45  Zealot x6  
  120  9:54  Observer  
  120  9:56  High Templar x2  
  120  9:59  High Templar  
  120  10:00  High Templar, Archon  
  120  10:02  Photon Cannon  
  120  10:04  Archon  
  120  10:06  Zealot x6  
  134  10:12  Warp Prism (Chrono Boost)  
  134  10:13  Assimilator x2  
  134  10:28  High Templar x2, Zealot x5  
  138  10:33  Archon  
  138  10:34  Probe x3  
  151  10:41  Zealot x3  
  155  10:52  Zealot x5  
  155  10:55  Pylon  
  155  10:56  Observer  
  164  11:01  Zealot x2  
  164  11:03  Zealot x2  
  140  11:11  Zealot  
  140  11:13  Zealot x3  
  144  11:21  Protoss Shields Level 1 (Chrono Boost)  
  144  11:22  High Templar x2  
  144  11:23  High Templar x2  
  144  11:24  Zealot x2  
  154  11:26  Archon  
  154  11:28  Archon  
  152  11:35  Probe x2  
  150  11:40  Probe x2  
  150  11:46  Zealot x5  
  150  11:47  Probe x2, Zealot  
  134  12:01  High Templar x2, Zealot x2  
  134  12:03  Photon Cannon  
  142  12:09  Archon  
  142  12:10  Zealot x3  
  142  12:11  Zealot x3  
  154  12:18  Assimilator  
  154  12:19  Probe  
  155  12:25  Observer  
  155  12:27  High Templar x2  
  158  12:32  Archon  
  158  12:33  Zealot x6  
  158  12:34  Zealot  
  158  12:35  Zealot  
  174  12:41  Pylon  
  170  12:56  Zealot x6  
  174  13:01  Stalker x3  
  174  13:20  Zealot x7  
  174  13:26  Observer  
  160  13:29  Immortal (Chrono Boost)  
  150  13:37  Stalker x3  
  136  13:45  High Templar x4  
  136  13:46  High Templar x2  
  136  13:47  Zealot  
  150  13:50  Archon x2  
  150  13:51  Archon  
  150  13:57  Nexus  
  142  14:09  Stalker x4  
  111  14:19  Stalker x4  
Tags
 
Add a new tag
Caveats
  • Supply blocks, unpowered buildings, or Contaminate may cause inaccurate times.
  • Supply counts are checked every 10 seconds.